AoeStats
← [Knusper] sycane

Black Forest

506905387Analyzed
3v3 RM · 18d ago on Sep 15, 2026· 79m 41s· 6 players
Game mode
Random Map
Map size
Normal (6 player)
Population
200
Speed
Normal
Resources
Standard
Victory
Conquest
Starting age
Dark Age
Ending age
Imperial Age
RankedLock teamsTeams togetherTeam positionsShared explorationLock speedFull tech treeHidden civsTurbo modeCheats
Victory
Defeat
🇩🇪 Saracens · Germany
1051
+17
🇩🇪 Magyars · Germany
1035
+18
🇩🇪 Teutons · Germany
991
+21
🇸🇰 Persians · Slovakia
1081
-19
🇸🇰 Britons · Slovakia
1081
-19
🇸🇰 Gurjaras · Slovakia
1062
-18
[Knusper] sycane
11:20 Feudal Age
15:29 Castle Age
13:31 Horse Collar
14:16 Double-Bit Axe
16:28 Bow Saw
16:28 Forging
16:21 Heavy Plow
21:33 Wheelbarrow
21:55 Scale Barding Armor
23:13 Gold Mining
29:48 Imperial Age
28:13 Chain Barding Armor
28:44 Bloodlines
28:35 Husbandry
28:48 Forging
29:56 Onager
30:03 Heavy Camel Rider
31:19 Plate Barding Armor
31:50 Chemistry
31:05 Stone Mining
31:45 Capped Ram
34:37 Iron Casting
33:51 Light Cavalry
35:09 Hand Cart
34:40 Loom
34:41 Town Watch
35:16 Siege Engineers
36:40 Ballistics
37:36 Blast Furnace
36:26 Fletching
38:23 Two-Man Saw
37:18 Siege Ram
39:30 Conscription
39:14 Bodkin Arrow
40:40 Bracer
40:41 Caravan
41:12 Coinage
41:26 Thumb Ring
41:47 Parthian Tactics
41:06 Heavy Cavalry Archer
42:13 Hussar
42:58 Padded Archer Armor
43:43 Hoardings
44:33 Banking
52:39 Siege Onager
55:18 Elite Skirmisher
56:11 Counterweights
61:33 Leather Archer Armor
71:24 Masonry
71:10 Murder Holes
73:31 Bimaristan
[Knusper] Antonio
0:51 Loom
13:29 Feudal Age
14:46 Double-Bit Axe
14:48 Horse Collar
17:34 Castle Age
17:33 Town Watch
18:23 Wheelbarrow
18:52 Town Patrol
19:04 Bow Saw
18:56 Heavy Plow
27:49 Stone Mining
29:10 Fortified Wall
29:13 Masonry
32:07 Imperial Age
32:03 Gold Mining
32:49 Stone Shaft Mining
32:33 Forging
32:23 Scale Mail Armor
35:13 Two-Man Saw
34:31 Hand Cart
34:51 Crop Rotation
34:58 Conscription
34:40 Squires
34:26 Arson
35:18 Iron Casting
34:58 Chain Mail Armor
35:47 Chain Mail Armor
36:18 Hoardings
37:21 Crenellations
38:08 Chemistry
37:03 Fletching
38:58 Bodkin Arrow
40:04 Blast Furnace
39:34 Plate Mail Armor
38:46 Elite Teutonic Knight
40:17 Ironclad
39:30 Sappers
41:26 Ballistics
41:13 Padded Archer Armor
44:31 Onager
45:53 Siege Onager
49:27 Siege Engineers
53:49 Scale Barding Armor
54:29 Elite Skirmisher
57:03 Caravan
70:03 Bombard Tower
69:36 Heated Shot
69:40 Guard Tower
69:36 Arrowslits
75:00 Cavalier
75:52 Bloodlines
76:05 Chain Barding Armor
76:03 Paladin
[Knusper] Alex
11:48 Feudal Age
14:56 Loom
18:08 Castle Age
16:20 Double-Bit Axe
16:43 Horse Collar
19:36 Wheelbarrow
18:54 Town Watch
19:49 Heavy Plow
23:36 Hand Cart
27:50 Pikeman
34:15 Imperial Age
32:35 Bloodlines
32:26 Husbandry
33:21 Gold Mining
35:45 Parthian Tactics
35:23 Padded Archer Armor
35:14 Fletching
35:30 Scale Barding Armor
34:54 Heavy Cavalry Archer
37:18 Gold Shaft Mining
37:25 Bow Saw
39:07 Ballistics
39:22 Leather Archer Armor
39:43 Stone Mining
40:44 Ring Archer Armor
40:10 Bodkin Arrow
40:50 Masonry
41:20 Conscription
41:15 Recurve Bow
41:50 Crop Rotation
42:44 Hoardings
42:46 Bracer
43:14 Caravan
44:00 Chain Barding Armor
46:37 Plate Barding Armor
46:10 Corvinian Army
47:39 Scale Mail Armor
48:44 Two-Man Saw
47:20 Halberdier
47:45 Halberdier
48:11 Arson
50:03 Light Cavalry
51:14 Hussar
52:15 Chain Mail Armor
52:06 Town Patrol
56:07 Capped Ram
58:08 Heavy Scorpion
69:24 Elite Magyar Huszar
70:49 Cavalier
72:13 Paladin
MIGEL TECHEIROS
5:01 Loom
11:52 Feudal Age
17:07 Castle Age
15:23 Double-Bit Axe
15:41 Horse Collar
18:27 Bow Saw
25:32 Heavy Plow
28:55 Forging
28:45 Scale Mail Armor
31:33 Imperial Age
29:41 Wheelbarrow
31:12 Ballistics
30:50 Fletching
31:01 Padded Archer Armor
31:37 Iron Casting
31:18 Chain Mail Armor
30:33 Pikeman
31:14 Squires
34:19 Halberdier
38:36 Hand Cart
38:26 Crossbowman
39:12 Thumb Ring
39:51 Kamandaran
40:05 Citadels
41:56 Bodkin Arrow
42:17 Leather Archer Armor
43:07 Chemistry
44:14 Two-Man Saw
46:44 Elite War Elephant
51:26 Ring Archer Armor
57:50 Blast Furnace
57:20 Plate Mail Armor
56:56 Scale Barding Armor
59:08 Bloodlines
58:19 Light Cavalry
59:09 Husbandry
58:32 Light Cavalry
62:21 Hussar
kosspavol222
0:28 Loom
12:39 Feudal Age
18:04 Castle Age
15:47 Horse Collar
17:46 Double-Bit Axe
19:18 Heavy Plow
20:38 Stone Mining
21:03 Bow Saw
22:15 Fletching
25:37 Wheelbarrow
26:58 Hand Cart
28:25 Bodkin Arrow
31:35 Ballistics
34:08 Imperial Age
34:57 Bracer
34:21 Elite Longbowman
35:34 Padded Archer Armor
36:52 Conscription
36:33 Warwolf
39:19 Chemistry
38:02 Pikeman
41:07 Halberdier
53:08 Cavalier
55:58 Two-Man Saw
55:15 Scale Barding Armor
55:25 Leather Archer Armor
57:35 Chain Barding Armor
57:46 Ring Archer Armor
60:02 Light Cavalry
65:33 Scale Mail Armor
66:10 Plate Barding Armor
65:49 Fortified Wall
73:31 Husbandry
74:32 Chain Mail Armor
durinikjakub1
0:36 Loom
13:29 Feudal Age
19:12 Castle Age
20:49 Bloodlines
25:43 Double-Bit Axe
25:48 Horse Collar
32:38 Imperial Age
31:20 Fortified Wall
31:36 Ballistics
39:35 Wheelbarrow
39:04 Heavy Plow
39:17 Bow Saw
43:43 Husbandry
45:30 Scale Barding Armor
45:46 Fletching
45:57 Padded Archer Armor
46:25 Elite Skirmisher
47:48 Thumb Ring
48:03 Bodkin Arrow
48:24 Leather Archer Armor
48:28 Hand Cart
53:59 Crop Rotation
64:35 Elite Shrivamsha Rider
64:55 Light Cavalry
66:34 Hussar
67:10 Heavy Camel Rider
70:23 Forging
70:18 Scale Barding Armor
75:30 Chain Barding Armor
75:46 Iron Casting
Connection lost

Rejoining the realm…

Still unreachable

The connection could not be restored.

Session expired

The server has moved on; the page needs a fresh start.